 Dungeon Crawl Stone Soup version 0.20.0 (webtiles) character file.

2669 Danakh the Chopper (level 9, 0/71 HPs)
             Began as a Demonspawn Fighter on June 4, 2017.
             Was a Priest of Ru.
             Slain by an orc warrior
             ... wielding a +1 long sword of slicing
              (1 damage)
             ... on level 7 of the Dungeon on June 5, 2017.
             The game lasted 00:27:13 (8427 turns).

Danakh the Chopper (Demonspawn Fighter)             Turns: 8427, Time: 00:27:14

Health: 0/71       AC: 16    Str: 20    XL:     9   Next: 37%
Magic:  8/8        EV:  4    Int:  9    God:    Ru [***...]
Gold:   365        SH: 10    Dex: 11    Spells: 8/8 levels left

rFire    + . .     SeeInvis .   F - +0 short sword "Zeol" {pain, rF+ MR+} (curse)
rCold    . . .     Gourm    .   c - +0 shield
rNeg     . . .     Faith    .   x - +1 plate armour
rPois    .         Spirit   .   (helmet restricted)
rElec    .         Reflect  .   (no cloak)
rCorr    +         Harm     .   e - +0 pair of gloves
MR       +....     Clarity  +   (no boots)
Stlth    ..........             (no amulet)
Regen    0.3/turn               u - ring of resist corrosion
MPRegen  0.2/turn               (no ring)

@: drained
A: horns 2, thin metallic scales 1, clarity, clumsy 1, low mp 1, nightstalker 2,
inability to use devices, hated by all
a: Draw Out Power, Renounce Religion


You were on level 7 of the Dungeon.
You worshipped Ru.
Ru was most pleased with you.
You were not hungry.

You visited 2 branches of the dungeon, and saw 8 of its levels.
You visited the Abyss 1 time.

You collected 365 gold pieces.

Inventory:

Hand Weapons
 a - a +0 war axe
 D - the +2 rapier "Vety" {venom, rF+}
   (You found it on level 5 of the Dungeon)

   It poisons the flesh of those it strikes.
   It protects you from fire.
 F - the cursed +0 short sword "Zeol" (weapon) {pain, rF+ MR+}
   (You found it on level 5 of the Dungeon)

   In the hands of one skilled in necromantic magic, it inflicts extra damage on
   living creatures.
   It protects you from fire.
   It affects your resistance to hostile enchantments.
   It has a curse placed upon it.
Armour
 c - a +0 shield (worn)
 e - a +0 pair of gloves (worn)
 x - a +1 plate armour (worn)
Jewellery
 l - an uncursed ring of protection from magic {unknown}
 u - a ring of resist corrosion (left hand)
Scrolls
 k - 2 scrolls of fear
 q - 3 scrolls of identify
 r - 4 scrolls of teleportation
Potions
 d - 5 potions of might
 j - 4 potions of flight
 m - 2 potions of heal wounds {unknown}
 o - a potion of mutation
 p - a potion of curing
 t - 2 potions of haste {unknown}
 v - a potion of magic {unknown}
 z - a potion of resistance
 B - 2 potions of brilliance
Books
 n - a book of Geomancy

   Spells                             Type                      Level
   a - Sandblast                      Earth                        1
   b - Passwall                       Transmutation/Earth          2
   c - Stone Arrow                    Conjuration/Earth            3
   d - Petrify                        Transmutation/Earth          4
   e - Lee's Rapid Deconstruction     Earth                        5
 s - a Necronomicon

   Spells                             Type                      Level
   a - Haunt                          Necromancy/Summoning         7
   b - Borgnjor's Revivification      Necromancy                   8
   c - Death's Door                   Charms/Necromancy            8
   d - Infestation                    Necromancy                   8
   e - Necromutation                  Transmutation/Necromancy     8
Comestibles
 b - 2 royal jellies
 f - 2 bread rations
 g - 8 fruits
 i - 6 meat rations
 w - 2 chunks of flesh


   Skills:
 + Level 6.7(5.8) Fighting
 * Level 7.2(6.3) Axes
 + Level 6.1(5.2) Armour
 + Level 5.9(5.0) Shields


You had 8 spell levels left.
You didn't know any spells.

Dungeon Overview and Level Annotations

Branches:
Dungeon (7/15)             Temple (1/1) D:4

Altars:
Ashenzari
Cheibriados
Dithmenos
Elyvilon
Fedhas
Gozag
Hepliaklqana
Kikubaaqudgha
Makhleb
Nemelex Xobeh
Okawaru
Qazlal
Ru
Sif Muna
Trog
Uskayaw
Vehumet
Xom
Yredelemnul
Zin
The Shining One


Innate Abilities, Weirdness & Mutations

You have a pair of horns on your head.
You are partially covered in thin metallic scales. (AC +2)
You are significantly more attuned to the shadows.
You cannot study or use magical devices.
You are hated by all.
You possess an exceptional clarity of mind.
You are clumsy. (Dex -2)
Your magical capacity is low. (-10% MP)


Message History

* * * LOW HITPOINT WARNING * * *
x2 You focus your will and blind the orc warrior in retribution!
Your plate armour prevents you from hitting the orc warrior.
The orc warrior is heavily wounded.
The orc wizard gestures wildly while chanting.
The orc wizard blinks!
The orc warrior hits you with a long sword of slicing!
* * * LOW HITPOINT WARNING * * *
x2 You focus your will and blind the orc warrior in retribution!
You closely miss the orc warrior.
The orc warrior is heavily wounded.
Your plate armour prevents you from hitting the orc warrior.
The orc warrior is heavily wounded.
You feel less invigorated.
You feel less confused.
The orc warrior is stunned by your will and fails to attack.
Okay, then.
The orc warrior hits you with a long sword of slicing!
* * * LOW HITPOINT WARNING * * *
You die...

#.#.###..####.###...## ####.###
#.#.#.........# ##.## #.#
#.#.#.#..###### #.# ####)####
#........# #.# #.......#
###.#.#.## ##'## #.#####.# #
#...>.# ##...## #.# #.# #
###.####### ##.....## #.# #.# #
#........###.......###.# #.#
####.)#...#.##.o@......##.#####.#
ยง.)(........<'.o.......'........#
###)........##.........####...###
# #.###..##.###.......## ##..#
###.##...##.# ##.....## ##.#
.##.##.#.##.# ##...## #.#
.##.##...##.# ##'## #.#
#.###.###.# #.# #.# #.###.###.#
#.# #.#


You could see an orc warrior (blind) and an orc wizard.

Vanquished Creatures
  Grinder (D:6)
  Duvessa (D:7)
  3 ice beasts (D:5)
  A black bear (D:7)
  A sky beast (D:6)
  A phantom (D:5)
  2 ogres
  2 centaurs (D:7)
  A gnoll sergeant (D:6)
  2 bullfrogs
  Dowan (D:7)
  A water moccasin skeleton (D:6)
  5 wights (D:7)
  A howler monkey (D:5)
  3 crimson imps
  4 hounds
  4 jellies
  An orc priest (D:7)
  A centaur skeleton (D:6)
  3 orc wizards
  An iguana (D:7)
  5 worker ants
  A worker ant zombie (D:6)
  4 gnolls (D:7)
  7 adders
  2 oozes (D:3)
  An adder zombie (D:5)
  An adder skeleton (D:5)
  5 worms
  2 dart slugs (D:1)
  6 leopard geckos
  21 orcs
  7 giant cockroaches
  7 goblins
  10 hobgoblins
  3 jackals (D:1)
  2 quokkas
  2 ball pythons
  10 bats
  6 frilled lizards
  A jackal skeleton (D:4)
  8 kobolds
  8 rats
  A plant (D:3)
160 creatures vanquished.

Vanquished Creatures (others)
  An ogre (D:5)
  A worker ant (D:7)
  An adder (D:7)
  An orc (D:6)
4 creatures vanquished.

Grand Total: 164 creatures vanquished

Notes
Turn   | Place    | Note
-------+----------+-------------------------------------------
     0 | D:1      | Danakh the Demonspawn Fighter began the quest for the Orb.
     0 | D:1      | Reached XP level 1. HP: 18/18 MP: 1/1
    86 | D:1      | Reached skill level 2 in Axes
    89 | D:1      | Gained mutation: You are partially covered in thin metallic scales. (AC +2) [demonic ancestry]
    89 | D:1      | Reached XP level 2. HP: 19/24 MP: 2/2
   978 | D:2      | Reached XP level 3. HP: 21/29 MP: 3/3
  1155 | D:2      | Found a sparkling altar of Nemelex Xobeh.
  1156 | D:2      | Found an opulent altar of Gozag.
  2026 | D:3      | Gained mutation: You have a pair of small horns on your head. [demonic ancestry]
  2026 | D:3      | Reached XP level 4. HP: 31/35 MP: 4/4
  2581 | D:4      | Reached skill level 3 in Axes
  2599 | D:4      | Gained mutation: You have a pair of horns on your head. [demonic ancestry]
  2599 | D:4      | Reached XP level 5. HP: 16/42 MP: 5/5
  2903 | D:4      | Found a staircase to the Ecumenical Temple.
  2937 | Temple   | Entered the Ecumenical Temple
  3089 | Temple   | Became a worshipper of Ru the Awakened
  3211 | D:4      | Cast into level 1 of the Abyss (orc)
  3211 | Abyss:1  | Found a corrupted altar of Lugonu.
  3242 | D:4      | Escaped the Abyss
  3742 | D:5      | Entered Level 5 of the Dungeon
  3774 | D:5      | Noticed an ice beast
  3775 | D:5      | Noticed a phantom
  3803 | D:5      | Killed an ice beast
  3803 | D:5      | Reached skill level 4 in Axes
  3803 | D:5      | Gained mutation: You are slightly more attuned to the shadows. [demonic ancestry]
  3803 | D:5      | Reached XP level 6. HP: 38/48 MP: 6/6
  3977 | D:5      | Got an ancient rapier
  3978 | D:5      | Identified the cursed +2 rapier "Vety" {venom, rF+} (You found it on level 5 of the Dungeon)
  4062 | D:5      | Reached XP level 7. HP: 55/55 MP: 7/7
  4094 | D:5      | Got an ichor-stained short sword
  4129 | D:5      | Reached skill level 5 in Fighting
  4159 | D:5      | Gained mutation: You cannot study or use magical devices. [Ru sacrifice]
  4159 | D:5      | Reached * piety under Ru
  4159 | D:5      | Reached ** piety under Ru
  4166 | D:5      | Identified the cursed +0 short sword "Zeol" {pain, rF+ MR+} (You found it on level 5 of the Dungeon)
  4969 | D:5      | Reached skill level 5 in Axes
  4969 | D:5      | Reached XP level 8. HP: 39/63 MP: 8/8
  5186 | D:6      | Reached skill level 5 in Armour
  5195 | D:6      | Gained mutation: You are clumsy. (Dex -2) [mutagenic meat]
  5196 | D:6      | Gained mutation: You possess an exceptional clarity of mind. [mutagenic meat]
  5197 | D:6      | Gained mutation: Your magical capacity is low. (-10% MP) [mutagenic meat]
  5363 | D:6      | Noticed Grinder
  5388 | D:6      | Killed Grinder
  5388 | D:6      | Reached skill level 5 in Shields
  5643 | D:6      | Found a white marble altar of Elyvilon.
  5816 | D:6      | Reached skill level 6 in Axes
  6701 | D:7      | HP: 3/64 [gnoll sergeant/trident of venom (3)]
  7029 | D:6      | Gained mutation: You are significantly more attuned to the shadows. [demonic ancestry]
  7029 | D:6      | Reached XP level 9. HP: 16/70 MP: 8/8
  7046 | D:6      | HP: 3/70 [poisoned by a gnoll sergeant]
  7051 | D:6      | HP: 2/70 [poisoned by a gnoll sergeant]
  7058 | D:6      | HP: 2/70 [poisoned by a gnoll sergeant]
  7066 | D:6      | HP: 1/70 [poisoned by a gnoll sergeant]
  7486 | D:7      | Noticed Duvessa
  7487 | D:7      | Noticed Dowan
  7497 | D:7      | Killed Duvessa
  7510 | D:7      | Killed Dowan
  7636 | D:7      | Gained mutation: You are hated by all. [Ru sacrifice]
  7636 | D:7      | Reached *** piety under Ru
  7787 | D:7      | Reached skill level 7 in Axes
  8311 | D:7      | Found a faded altar of an unknown god.
  8314 | D:7      | Found an iron altar of Okawaru.
  8316 | D:7      | Found a deep blue altar of Sif Muna.
  8318 | D:7      | Found a shattered altar of Ashenzari.
  8322 | D:7      | Found a faded altar of an unknown god.
  8415 | D:7      | HP: 3/71 [orc warrior/long sword of slicing (5)]
  8427 | D:7      | HP: 1/71 [orc warrior/long sword of slicing (13)]
  8427 | D:7      | Slain by an orc warrior

Skill      XL: |  1  2  3  4  5  6  7  8  9 |
---------------+----------------------------+-----
Axes           | 2 3 4 5 6 7 |  7.2
Armour         | 3 4 5 6 |  6.1
Shields        | 3 4 5 |  5.9
Fighting       | 4 5 6 |  6.7

Action                   |  1- 3 |  4- 6 |  7- 9 || total
-------------------------+-------+-------+-------++-------
Melee: War axe           |   167 |   130 |       ||   297
       Headbutt          |       |    29 |   104 ||   133
       Rapier            |       |    18 |    40 ||    58
       Short sword       |       |       |   511 ||   511
Invok: Sacrifice Artific |       |       |     1 ||     1
       Sacrifice Love    |       |       |     1 ||     1
  Use: Scroll            |       |       |    13 ||    13
       Potion            |       |       |     4 ||     4
 Stab: Invisible         |       |       |     2 ||     2
  Eat: Chunk             |     4 |     6 |    17 ||    27
       Fruit             |       |       |     2 ||     2
Armor: Scale mail        |    76 |    51 |       ||   127
       Plate armour      |       |    49 |   335 ||   384
Dodge: Dodged            |    45 |    36 |    87 ||   168
Block: Shield            |    73 |    68 |   256 ||   397
